 Dungeon Crawl Stone Soup version 0.24.1 (webtiles) character file.

Game seed: 7130241706226188574, levelgen mode: deterministic

182 Gruesph the Ruffian (level 5, -1/50 HPs)
             Began as a Troll Chaos Knight on Mar 31, 2020.
             Was a Plaything of Xom.
             Slain by Grinder (3 damage)
             ... on level 3 of the Dungeon.
             The game lasted 00:09:24 (2467 turns).

Gruesph the Ruffian (Troll Chaos Knight)            Turns: 2467, Time: 00:09:24

Health: -1/50      AC:  8    Str: 20    XL:     5   Next: 34%
Magic:  4/4        EV: 10    Int:  8    God:    Xom [..*...]
Gold:   49         SH:  0    Dex: 10    Spells: 4/4 levels left

rFire    . . .     SeeInvis .     - Unarmed
rCold    . . .     Gourm    +   (no shield)
rNeg     . . .     Faith    .   a - +2 robe
rPois    .         Spirit   .   (helmet restricted)
rElec    .         Reflect  .   (no cloak)
rCorr    .         Harm     .   (gloves unavailable)
MR       .....                  (boots unavailable)
Stlth    +.........             (no amulet)
HPRegen  0.56/turn              (no ring)
MPRegen  0.09/turn              (no ring)

@: lightly drained
A: large, unfitting armour, claws 3, fast metabolism 3, gourmand, regeneration
1, shaggy fur 1, tough skin 3
a: Renounce Religion


You were on level 3 of the Dungeon.
You worshipped Xom.
You were a toy of Xom.
You were completely stuffed.

You visited 1 branch of the dungeon, and saw 3 of its levels.

You collected 49 gold pieces.

Inventory:

Missiles
 d - 45 stones
 h - 41 poisoned darts (quivered)
Armour
 a - a +2 robe (worn)
 n - a scarf of resistance
Scrolls
 b - a scroll of random uselessness {unknown}
 g - 2 scrolls of remove curse {unknown}
 k - a scroll of teleportation {unknown}
 l - 2 scrolls of identify {unknown}
 m - a scroll of enchant weapon {unknown}
Potions
 c - 3 potions of flight {unknown}
 e - a potion of brilliance {unknown}
 i - a potion of curing {unknown}
 j - 2 potions of heal wounds {unknown}
 o - a potion of invisibility {unknown}
 p - 4 potions of mutation {unknown}
Comestibles
 f - 6 rations
 q - 2 chunks of flesh


   Skills:
 - Level 2.4(2.2) Fighting
 - Level 1.9(1.7) Dodging
 + Level 6.1(5.9) Unarmed Combat


You had 4 spell levels left.
You didn't know any spells.
Your spell library was empty.

Dungeon Overview and Level Annotations

Branches:
Dungeon (3/15)

Altars:
Dithmenos

Annotations:
D:3 Grinder


Innate Abilities, Weirdness & Mutations

You are too large for most types of armour.
You have claws for hands.
Your metabolism is lightning-fast.
You like to eat raw meat.
Your natural rate of healing is unusually fast.
You are covered in fur. (AC +1)
You have extremely tough skin. (AC +3)


Message History

You writhe in agony.
* * * LOW HITPOINT WARNING * * *
You scratch Grinder.
Grinder is heavily wounded.
Grinder says, "DUCK!"
Grinder gestures at you.
You barely resist. You closely miss Grinder.
Grinder is heavily wounded.
Grinder gestures at you. You resist with significant effort.
You claw Grinder!
Grinder is almost dead.
Grinder gestures at you. Pain shoots through your body!
* * * LOW HITPOINT WARNING * * *
You closely miss Grinder.
Grinder is almost dead.
Grinder hits you.
You die...

......# ......# ...
......# ... #####
###..## #.# .....
#..###########.# #####
#.......... ...#
##.######## #..# # #.#
#5.# .# #.##
####.@###.$# #..##
#.......%..# ##.#.##
#.....###..#
##.###.####..#.## .#
#.#####...###..## #..#
#
#..#...####.....###..#
#
#.#.....##..##.......#
########
#.##...##....##...#.##
#.......
#.##..###..._.#...#.#
#.######


You could see Grinder.

Vanquished Creatures
  Jessica (D:3)
  7 adders
  A shadow imp (D:3)
  3 worms (D:2)
  2 dart slugs
  3 leopard geckos
  An orc (D:3)
  A bat skeleton (D:2)
  4 giant cockroaches
  8 hobgoblins
  3 jackals (D:3)
  A quokka (D:2)
  A ball python (D:2)
  7 bats
  5 frilled lizards
  7 goblins
  9 kobolds
  9 rats
73 creatures vanquished.

Notes
Turn   | Place    | Note
-------+----------+-------------------------------------------
     0 | D:1      | Gruesph the Troll Chaos Knight began the quest for the Orb.
     0 | D:1      | Reached XP level 1. HP: 22/22 MP: 0/0
    66 | D:1      | XOM: harmless Tloc miscast
    95 | D:1      | Reached XP level 2. HP: 25/29 MP: 1/1
   243 | D:1      | XOM: cloud trail
   742 | D:2      | Reached skill level 4 in Unarmed Combat
   814 | D:2      | Reached XP level 3. HP: 35/36 MP: 2/2
   954 | D:2      | XOM: draining
  1193 | D:2      | Reached XP level 4. HP: 44/44 MP: 3/3
  1209 | D:2      | Reached skill level 5 in Unarmed Combat
  1300 | D:2      | You fall into a shaft and drop 1 floor!
  1636 | D:2      | XOM: divination: detect items
  1992 | D:3      | Noticed Jessica
  2001 | D:3      | Killed Jessica
  2001 | D:3      | Reached XP level 5. HP: 50/50 MP: 4/4
  2101 | D:3      | XOM: divination: detect creatures
  2120 | D:3      | Found a shadowy altar of Dithmenos.
  2141 | D:3      | Reached skill level 6 in Unarmed Combat
  2449 | D:3      | Noticed Grinder
  2459 | D:3      | XOM: harmless Hex miscast
  2466 | D:3      | HP: 1/50 [Grinder/nerve-wracking pain (10)]
  2467 | D:3      | Slain by Grinder

Levels and vault maps discovered:
D:1:      zaba_arrival_water, layout_loops_ring, skrybe_limestone_x
D:2:      minmay_recursive_quarters, layout_loops_corners,
          kennysheep_cluttered_room
D:3:      minmay_wonky_spiral, layout_loops_ring,
          nicolae_dithmenos_through_a_glass_darkly, uniq_jessica, uniq_grinder

Skill      XL: |  1  2  3  4  5 |
---------------+----------------+-----
Unarmed Combat | 4 5 6 |  6.1
Fighting       | |  2.4
Dodging        | |  1.9

Action                   |  1- 3 |  4- 6 || total
-------------------------+-------+-------++-------
Melee: Unarmed           |    94 |   114 ||   208
       Punch             |     1 |     1 ||     2
 Stab: Sleeping          |     1 |     4 ||     5
  Eat: Chunk             |    16 |    12 ||    28
Armor: Robe              |    34 |    41 ||    75
Dodge: Dodged            |    40 |    65 ||   105
